Map: [ESL] Site Delta

Players

Dolan

  • Race: Terran Terran
  • Spawn Location: 11:00

DisK - Winner!

  • Race: Protoss Protoss
  • Spawn Location: 5:00

Event: ESL SC2 Masters 2024 Spring (Regional)

VOD

Have the link to the VOD?

Description

Time

  • Played on: April 20, 2024, 12:54 p.m.
  • Length: 13:37

All games in this series

Show
View Real Time Build Order
Export as new Build Order

Dolan Terran 

Build Orders: Banshee Rush 

Get SALT Encoding   

  12  0:00  SCV  
  13  0:12  SCV  
  14  0:16  Supply Depot  
  14  0:24  SCV  
  15  0:38  SCV  
  15  0:39  Barracks  
  15  0:42  Refinery  
  16  0:50  SCV  
  16  0:51  Refinery  
  17  1:02  SCV  
  17  1:03  Supply Depot  
  18  1:14  SCV  
  19  1:26  Orbital Command, Reaper  
  20  1:40  Factory  
  20  1:53  SCV  
  21  1:58  Barracks Reactor  
  21  2:05  SCV  
  22  2:14  Command Center  
  22  2:18  SCV  
  23  2:28  Supply Depot  
  23  2:30  SCV  
  24  2:40  Hellion x2  
  24  2:42  SCV  
  29  2:46  Starport  
  29  2:48  Barracks Tech Lab  
  29  2:56  SCV  
  30  3:02  Hellion x2  
  34  3:12  SCV  
  35  3:34  Factory Tech Lab  
  32  3:39  SCV  
  32  3:40  Orbital Command  
  32  3:41  Cloaking Field, Banshee  
  34  3:46  Marine x2  
  36  3:51  SCV  
  35  3:57  Siege Tank  
  36  4:03  SCV  
  36  4:07  SCV, Bunker  
  36  4:09  Marine x2, Supply Depot  
  40  4:15  SCV  
  41  4:19  SCV  
  41  4:23  Banshee  
  45  4:27  SCV  
  45  4:31  Barracks  
  46  4:32  Barracks  
  46  4:35  SCV  
  47  4:39  SCV  
  47  4:40  Engineering Bay  
  47  4:41  Marine x2  
  47  4:45  Siege Tank  
  53  4:48  SCV  
  53  4:51  SCV  
  55  4:54  Refinery  
  55  4:56  Refinery  
  55  4:57  Supply Depot  
  55  5:02  SCV  
  55  5:03  SCV, Marine x2  
  59  5:17  Siege Tank  
  59  5:18  SCV x2  
  64  5:24  Marine x3  
  67  5:30  Starport Reactor  
  67  5:31  SCV x2, Terran Infantry Weapons Level 1  
  69  5:37  Supply Depot  
  69  5:39  Stimpack  
  69  5:42  Marine  
  70  5:46  Supply Depot  
  70  5:47  Marine x2  
  70  5:48  Marauder  
  74  5:54  SCV x2  
  76  6:06  SCV  
  76  6:07  SCV  
  76  6:11  Marauder, Marine x2  
  80  6:15  Widow Mine x2, Starport Reactor  
  80  6:17  Combat Shield  
  80  6:18  SCV, Marauder  
  88  6:19  SCV  
  88  6:25  Supply Depot x2  
  90  6:30  Marine x2  
  94  6:33  Marauder  
  94  6:47  Widow Mine x2, Marauder  
  100  6:48  Marine x2  
  100  6:49  Supply Depot x2  
  100  6:52  Medivac x2  
  108  6:54  Marauder  
  108  7:08  Marauder  
  110  7:15  Command Center  
  110  7:17  Widow Mine x2  
  110  7:19  Concussive Shells  
  110  7:20  Marauder, Marine x2  
  118  7:25  Terran Infantry Armor Level 1  
  118  7:29  Marauder  
  120  7:37  Barracks x2  
  120  7:41  Marine  
  120  7:42  Marauder, Marine  
  124  7:51  Marauder  
  126  7:59  Marine  
  126  8:01  Marine  
  126  8:03  Marauder  
  119  8:12  Marauder  
  121  8:17  Marine  
  121  8:19  Marine  
  122  8:25  SCV x2, Marauder  
  106  8:30  Widow Mine x2, Medivac x2  
  106  8:33  Marauder  
  112  8:35  Orbital Command  
  112  8:36  Barracks Tech Lab, Barracks Reactor  
  112  8:40  Armory  
  112  8:41  Engineering Bay, Ghost Academy  
  112  8:48  Marauder, Marine x2  
  114  8:52  Widow Mine x2  
  114  8:54  SCV x2  
  114  8:55  Marauder  
  124  9:00  Medivac x2  
  128  9:03  Marauder  
  128  9:06  SCV x2, Marine x2  
  136  9:10  Marauder  
  136  9:16  Marauder  
  138  9:24  Bunker, Supply Depot  
  138  9:30  Medivac x2  
  140  9:34  SCV x2  
  141  9:44  Orbital Command  
  141  9:48  Ghost  
  141  9:49  SCV  
  141  9:53  Marine  
  141  9:57  Ghost  
  141  10:01  Viking  
  141  10:02  Viking  
  141  10:03  Marine x2  
  141  10:19  Supply Depot x2  
  141  10:21  SCV x2, Ghost, Marine, Marauder  
  141  10:23  Terran Infantry Armor Level 2, Terran Infantry Weapons Level 2  
  141  10:28  Supply Depot  
  148  10:31  Bunker  
  148  10:32  Supply Depot  
  148  10:33  SCV  
  149  10:40  SCV, Ghost, Marine  
  149  10:42  Ghost  
  153  10:45  SCV x2  
  153  10:49  Sensor Tower  
  157  10:53  SCV  
  158  10:57  Missile Turret  
  157  11:12  Terran Ship Weapons Level 1, Refinery x2  
  157  11:13  SCV x3  
  159  11:22  Command Center  
  159  11:33  SCV x3  
  159  11:37  Viking x2  
  164  11:40  Ghost, Marine  
  164  11:41  Marauder x2, Marine x3  
  164  11:46  Starport  
  164  11:52  Factory Reactor  
  156  12:07  Viking x2  
  86  12:23  Ghost, Marine x2  
  86  12:24  Marauder x2, Marine x2  
  86  12:26  Viking x2  
  100  12:35  Orbital Command  
  100  12:37  Viking x2  
  101  12:53  Ghost  
  101  12:54  Marauder  
  101  12:55  Marauder, Marine x2  
  101  12:56  Viking  
  110  13:02  Viking  
Show
View Real Time Build Order
Export as new Build Order

DisK Protoss - Winner!

Build Orders: 1 Gate Expand, Blink Stalkers 

Get SALT Encoding   

  12  0:00  Probe  
  13  0:12  Probe  
  14  0:17  Pylon  
  14  0:24  Probe (Chrono Boost)  
  15  0:35  Gateway  
  15  0:36  Probe (Chrono Boost)  
  16  0:45  Probe (Chrono Boost), Assimilator  
  17  0:50  Probe  
  18  1:03  Probe  
  19  1:15  Probe  
  20  1:22  Cybernetics Core  
  22  1:31  Nexus  
  20  1:34  Probe  
  21  1:40  Pylon  
  21  1:46  Probe  
  22  1:49  Assimilator  
  22  1:57  Stalker (Chrono Boost)  
  22  1:58  Probe  
  25  2:05  Warp Gate  
  25  2:10  Probe  
  26  2:22  Probe  
  26  2:24  Adept (Chrono Boost)  
  28  2:34  Probe, Twilight Council  
  29  2:45  Probe  
  29  2:46  Probe  
  29  2:51  Gateway  
  31  2:57  Stalker (Chrono Boost), Probe  
  34  2:58  Probe  
  34  3:07  Blink (Chrono Boost)  
  34  3:10  Shield Battery  
  34  3:15  Probe  
  34  3:17  Probe  
  36  3:28  Probe  
  36  3:39  Probe  
  36  3:40  Probe  
  36  3:57  Stalker x2  
  36  3:58  Probe  
  36  3:59  Probe  
  42  4:04  Robotics Facility  
  42  4:05  Shield Battery  
  42  4:10  Probe  
  42  4:11  Probe  
  44  4:23  Probe x2  
  46  4:26  Nexus  
  46  4:33  Pylon  
  46  4:42  Pylon  
  46  4:47  Forge  
  46  4:51  Observer, Probe x2  
  49  4:54  Stalker x2  
  53  5:03  Gateway, Probe x2  
  55  5:07  Gateway  
  55  5:10  Pylon  
  55  5:16  Probe  
  55  5:17  Observer  
  54  5:21  Protoss Ground Weapons Level 1 (Chrono Boost)  
  54  5:24  Charge  
  54  5:25  Stalker x2  
  54  5:26  Probe  
  59  5:28  Probe  
  60  5:42  Probe x2  
  62  5:43  Probe  
  62  5:46  Shield Battery  
  63  5:54  Probe x2  
  65  5:58  Gateway x2  
  65  6:00  Probe  
  66  6:05  Sentry x2, Zealot x2  
  66  6:07  Probe  
  66  6:08  Probe  
  76  6:17  Gateway  
  76  6:19  Gateway  
  76  6:20  Probe x2  
  76  6:21  Probe  
  79  6:26  Pylon, Phoenix  
  79  6:27  Pylon  
  79  6:32  Probe x2  
  81  6:38  Immortal  
  85  6:41  Pylon  
  85  6:43  Assimilator  
  85  6:45  Probe x2  
  87  6:47  Probe  
  87  6:48  Zealot  
  87  6:52  Zealot x2  
  87  6:53  Zealot  
  96  6:56  Zealot  
  98  7:03  Zealot  
  98  7:06  Protoss Ground Armor Level 1 (Chrono Boost)  
  100  7:09  Assimilator  
  100  7:13  Zealot x4  
  108  7:17  Pylon x3  
  108  7:24  Robotics Bay  
  108  7:34  Pylon  
  108  7:35  Zealot x4  
  116  7:37  Zealot  
  116  7:38  Zealot  
  116  7:39  Sentry  
  116  7:43  Zealot  
  124  7:47  Pylon  
  122  7:55  Pylon  
  122  8:04  Stalker x3, Zealot x4  
  130  8:08  Zealot  
  128  8:23  Colossus (Chrono Boost)  
  126  8:33  Zealot x8  
  134  8:37  Pylon  
  134  8:39  Extended Thermal Lance (Chrono Boost)  
  134  8:40  Probe x2  
  136  8:54  Pylon x2  
  136  8:55  Observer, Nexus  
  136  8:58  Shield Battery  
  136  9:08  Observer  
  136  9:10  Robotics Facility  
  136  9:12  Colossus (Chrono Boost)  
  136  9:16  Zealot x3  
  148  9:22  Zealot x2  
  148  9:23  Zealot  
  154  9:29  Observer  
  154  9:33  Zealot x2  
  154  9:38  Stalker, Pylon x2  
  160  9:39  Pylon  
  160  9:41  Zealot x2  
  160  9:42  Protoss Ground Weapons Level 2 (Chrono Boost)  
  160  9:52  Colossus (Chrono Boost)  
  160  9:57  Pylon  
  160  9:58  Pylon  
  162  10:00  Observer  
  158  10:12  Dark Shrine, Zealot x3  
  158  10:13  Zealot x3  
  168  10:24  Colossus (Chrono Boost)  
  174  10:33  Zealot  
  174  10:34  Zealot x4  
  174  10:35  Pylon  
  184  10:40  Stalker x2, Observer  
  188  10:52  Nexus  
  188  11:00  Zealot x4  
  196  11:05  Zealot x2  
  200  11:12  Pylon  
  196  11:28  Pylon  
  196  11:31  Zealot x4  
  196  11:52  Colossus (Chrono Boost), Warp Prism (Chrono Boost)  
  196  11:54  Zealot x8  
  196  12:13  Observer  
  188  12:22  Zealot x8  
  182  12:33  Probe x2  
  182  12:34  Probe  
  185  12:43  Nexus  
  185  12:52  Zealot x5  
  172  13:22  Dark Templar x2, Zealot x6  
  172  13:25  Gateway  
  172  13:26  Gateway  
Tags
 
Add a new tag
Caveats
  • Supply blocks, unpowered buildings, or Contaminate may cause inaccurate times.
  • Supply counts are checked every 10 seconds.